 Dungeon Crawl Stone Soup version 0.28-a0-1199-gef9e1dbd39 (webtiles) character file.

Game seed: 8372200844751378481

9 ZeroWinrate the Covert (level 2, 4/29 HPs)
             Began as a Gnoll Delver on Dec 20, 2021.
             Quit the game on level 4 of the Dungeon.
             The game lasted 00:02:50 (968 turns).

ZeroWinrate the Covert (Gnoll Delver)                Turns: 968, Time: 00:02:50

Health: 4/29       AC:  3    Str: 11    XL:     2   Next: 12%
Magic:  2/2        EV: 13    Int:  9    God:
Gold:   28         SH:  0    Dex: 13    Spells: 1/1 levels left

rFire   . . .      SeeInvis .   a - +0 spear
rCold   . . .      Faith    .   (no shield)
rNeg    . . .      Spirit   .   b - +0 leather armour
rPois   .          Reflect  .   (no helmet)
rElec   .          Harm     .   (no cloak)
rCorr   .          Rampage  .   (no gloves)
Will    .....                   (no boots)
Stlth   ++++......              (no amulet)
HPRegen 0.09/turn               (no ring)
MPRegen 0.08/turn               (no ring)

@: lethally poisoned (4 -> 0)
A: fangs 1, strong nose, distributed training
a: no special abilities


You were on level 4 of the Dungeon.
You visited 1 branch of the dungeon, and saw 3 of its levels.

You collected 28 gold pieces.

Inventory:

Hand Weapons
 a - a +0 spear (weapon)
Armour
 b - a +0 leather armour (worn)
Wands
 g - a wand of digging (2)
Scrolls
 c - 2 scrolls of fog
 d - a scroll of magic mapping
 e - a scroll of fear


   Skills:
 + Level 6.4 Fighting
 + Level 0.3 Short Blades
 + Level 0.3 Long Blades
 + Level 0.3 Axes
 + Level 0.3 Maces & Flails
 + Level 4.4 Polearms
 + Level 0.3 Staves
 + Level 0.3 Slings
 + Level 0.3 Bows
 + Level 0.3 Crossbows
 + Level 0.3 Throwing
 + Level 0.3 Armour
 + Level 4.4 Dodging
 + Level 9.5 Stealth
 + Level 0.3 Shields
 + Level 0.3 Unarmed Combat
 + Level 0.3 Spellcasting
 + Level 0.2 Conjurations
 + Level 0.2 Hexes
 + Level 0.2 Summonings
 + Level 0.2 Necromancy
 + Level 0.2 Translocations
 + Level 0.2 Transmutations
 + Level 0.2 Fire Magic
 + Level 0.2 Ice Magic
 + Level 0.2 Air Magic
 + Level 0.2 Earth Magic
 + Level 0.2 Poison Magic
 + Level 0.4 Invocations
 + Level 0.3 Evocations


You had one spell level left.
You didn't know any spells.
Your spell library contained the following spells:

 Spells                   Type           Power      Damage    Failure   Level
 Gell's Gravitas          Tloc           0%         N/A       82%         3
 Teleport Other           Tloc           0%         N/A       82%         3
 Dispersal                Tloc           0%         N/A       100%        6


Dungeon Overview and Level Annotations

Branches:
Dungeon (6/15)
 Temple: D:4-7

Altars:
Zin

Shops:
D:6 [

Annotations:
D:5 Dowan, Duvessa


Innate Abilities, Weirdness & Mutations

You have very sharp teeth.
Your uncanny sense of smell can sniff out nearby items.
Your experience applies equally to all skills.


Message History

The jackal completely misses you.
You hit the jackal.
You kill the jackal!
You hit the phantom.
The phantom is lightly damaged.
The phantom hits you.
You hit the phantom but do no damage. Your bite misses the phantom.
The phantom is lightly damaged.
You puncture the phantom!
The phantom is moderately damaged.
The phantom hits you!
The phantom blinks!
You blink.
You are too injured to fight recklessly!
You are too injured to fight recklessly!
You hit the phantom.
The phantom is heavily damaged.
The phantom hits you.
You see here a +0 club.
There is an open door here.
You see here a jackal corpse.
You see here a +0 club.
You barely miss the adder.
The adder hisses angrily.
The adder misses you.
You hit the adder.
The adder is heavily wounded.
The phantom hits you!
* * * LOW HITPOINT WARNING * * *
The adder bites you.
* * * LOW HITPOINT WARNING * * *
You are lethally poisoned!
The adder poisons you!
Unknown command.
Unknown command.
Unknown command.
Unknown command.
Unknown command.
You aren't carrying any potions.
Sorry, you're not good enough to have a special ability.
Unknown command.
Are you sure you want to abandon this character and quit the game? (Confirm with "yes".)

####.## ... #.....# #.#
#...#.#####.###
#...#..Bh)....###
#...##.####.....###
##...##..###.###.#.W
#.......≈≈.......#.#
##S###..≈≈.#.#####.#
#.@.#.≈♣♣≈#..hW.W.#
###W#.P≈≈≈#.#######
#######...#.#.≈.#....####
#.........# ....#.##.##..
#.........#####.#.##.##h#
#.........'.......##.##W#
#.........#####...##h##.#
#.........# #...##.##.#
#.........# #....#....#


You could see a phantom and an adder.

Vanquished Creatures
  An endoplasm (D:4)
  2 goblins (D:4)
  3 jackals (D:4)
  A ball python (D:4)
7 creatures vanquished.

Vanquished Creatures (others)
  A plant (D:4)
1 creature vanquished.

Grand Total: 8 creatures vanquished

Notes
Turn   | Place    | Note
-------+----------+-------------------------------------------
     0 | D:5      | Reached skill level 9 in Stealth
     0 | D:5      | ZeroWinrate the Gnoll Delver began the quest for the Orb.
     0 | D:5      | Reached XP level 1. HP: 23/23 MP: 1/1
     3 | D:6      | Noticed a wight
     3 | D:6      | Noticed a wight
     3 | D:6      | Found Mitimull's Armour Shoppe.
     8 | D:5      | Found a glowing silver altar of Zin.
    35 | D:6      | Noticed a necrophage
    83 | D:4      | Noticed a scorpion
   557 | D:4      | Noticed a phantom
   882 | D:5      | Noticed Duvessa
   883 | D:5      | Noticed Dowan
   895 | D:4      | Reached XP level 2. HP: 21/29 MP: 2/2
   968 | D:4      | Quit the game

Illustrated notes

Levels and vault maps discovered:
D:4:      layout_basic, nicolae_wu_jian_wuxing_cycle, minmay_misc_feat_cross,
          serial_bayou_pond_d, uniq_pikel
D:5:      nicolae_cairo_tiling_large, layout_rooms,
          nicolae_overflow_hidden_temple,
          mainiacjoe_overflow_concentric_impassable,
          mainiacjoe_overflow_cross_hatched, uniq_duvessa
D:6:      layout_rooms, gammafunk_temple_overflow_claw,
          minmay_temple_entry_purple_smoke, gammafunk_ghost_stat_death,
          nicolae_stop_n_shop_2

Skill      XL: | |
---------------+-+-----
Stealth        | |  9.5
Fighting       | |  6.4
Short Blades   | |  0.3
Long Blades    | |  0.3
Axes           | |  0.3
Maces & Flails | |  0.3
Polearms       | |  4.4
Staves         | |  0.3
Slings         | |  0.3
Bows           | |  0.3
Crossbows      | |  0.3
Throwing       | |  0.3
Armour         | |  0.3
Dodging        | |  4.4
Shields        | |  0.3
Unarmed Combat | |  0.3
Spellcasting   | |  0.3
Conjurations   | |  0.2
Hexes          | |  0.2
Summonings     | |  0.2
Necromancy     | |  0.2
Translocations | |  0.2
Transmutations | |  0.2
Fire Magic     | |  0.2
Ice Magic      | |  0.2
Air Magic      | |  0.2
Earth Magic    | |  0.2
Poison Magic   | |  0.2
Invocations    | |  0.4
Evocations     | |  0.3

Action                   || total
-------------------------++-------
Melee: Spear             ||    33
       Bite              ||     1
Evoke: Wand              ||     1
  Use: Potion            ||     2
 Stab: Sleeping          ||     3
Armor: Leather armour    ||     7
Dodge: Dodged            ||    43

Table legend: (Time is in decaauts)
 A = Elapsed time spent in this place.
 B = Non-inter-level travel time spent in this place.
 C = Inter-level travel time spent in this place.
 D = Time resting spent in this place.
 E = Time spent auto-exploring this place.
 F = Levels seen in this place.
 G = Mean time per level.
                   A        B        C        D        E       F      G
               +--------+--------+--------+--------+--------+-----+--------+
         Total |    946 |    946 |      0 |    568 |     54 |   3 |  315.3 |
       Dungeon |    946 |    946 |      0 |    568 |     54 |   3 |  315.3 |
               +--------+--------+--------+--------+--------+-----+--------+

Top non-repeatable levels by time:
     D:4: 643 daAuts
     D:5: 290 daAuts
     D:6: 13 daAuts
